 Dungeon Crawl Stone Soup version 0.30-a0-414-gcb316572d5 (webtiles) character file.

Game seed: 5751663410424365696

74 cforsyth the Chopper (level 4, -3/41 HPs)
             Began as a Hill Orc Monk on Dec 7, 2022.
             Slain by a sky beast (6 damage)
             ... on level 3 of the Dungeon.
             The game lasted 00:03:04 (1797 turns).

cforsyth the Chopper (Hill Orc Monk)                Turns: 1797, Time: 00:03:04

Health: -3/41      AC:  9    Str: 15    XL:     4   Next: 28%
Magic:  4/4        EV:  7    Int: 10    God:
Gold:   188        SH:  0    Dex: 11    Spells: 3/3 levels left

rFire   . . .      SeeInvis .    a - +0 hand axe
rCold   . . .      Faith    .    (no shield)
rNeg    . . .      Spirit   .    k - +0 chain mail
rPois   .          Reflect  .    (no helmet)
rElec   .          Harm     .    b - +0 cloak
rCorr   .          Rampage  .    (no gloves)
Will    .....                    (no boots)
Stlth   ..........               (no amulet)
HPRegen 0.26/turn                (no ring)
MPRegen 0.09/turn                (no ring)

@: no status effects
A: clumsy 1
a: no special abilities


You were on level 3 of the Dungeon.
You visited 1 branch of the dungeon, and saw 3 of its levels.

You collected 188 gold pieces.

Inventory:

Hand Weapons
 a - a +0 hand axe (weapon)
Armour
 b - a +0 cloak (worn)
 k - a +0 chain mail (worn)
Jewellery
 m - a ring of fire
Wands
 o - a wand of digging (4)
Scrolls
 d - 5 scrolls of amnesia {unknown}
 f - a scroll of identify {unknown}
 g - 2 scrolls of fog {unknown}
 i - a scroll of enchant armour {unknown}
 j - 2 scrolls of teleportation {unknown}
 l - a scroll of poison {unknown}
 n - a scroll of blinking {unknown}
Potions
 c - 2 potions of ambrosia
 e - 2 potions of mutation
 h - 2 potions of curing {unknown}


   Skills:
 + Level 4.5 Fighting
 + Level 5.0 Axes
 + Level 2.1 Armour
 - Level 2.4 Dodging
 - Level 1.5 Stealth


You had 3 spell levels left.
You didn't know any spells.
Your spell library contained the following spells:

 Spells                   Type           Power      Damage    Failure   Level
 Magic Dart               Conj           0%         1d3       100%        1
 Call Imp                 Summ           0%         N/A       100%        2
 Mephitic Cloud           Conj/Pois/Air  0%         N/A       100%        3


Dungeon Overview and Level Annotations

Branches:
Dungeon (3/15)

Altars:

Shops:
D:2 [


Innate Abilities, Weirdness & Mutations

You are clumsy. (Dex -2)


Message History

No target in view!
No target in view!
No target in view!
No target in view!
No target in view!
No target in view!
No target in view!
No target in view!
No target in view!
You miss something. Something hits you but does no damage.
You hit something. Something hits you but does no damage.
You hit something but do no damage. Something hits you but does no damage.
You closely miss something. Something hits you. Something shocks you.
You miss something. Something hits you but does no damage.
A rat comes into view.
You hit something. Something hits you but does no damage.
You barely miss something. Your punch misses something.
Something hits you but does no damage.
You miss something. Something hits you but does no damage.
You miss something. Something hits you but does no damage.
You closely miss something. Something hits you. Something shocks you.
* * * LOW HITPOINT WARNING * * *
Unknown command.
You miss something. Something hits you but does no damage.
Unknown command.
You hit something. You hit the rat. The rat barely misses you.
Something hits you but does no damage.
You hit something. Your punch misses something.
You hit the rat but do no damage. The rat bites you but does no damage.
Something hits you.
* * * LOW HITPOINT WARNING * * *
Something shocks you.
* * * LOW HITPOINT WARNING * * *
Unknown command.
It was a potion of mutation.
You feel extremely strange.
You feel clumsy. The rat barely misses you. Something hits you.
* * * LOW HITPOINT WARNING * * *
Something shocks you.
You die...

#..........#
#..........#
#..........#
#..........#
##....)...##
##..........# ######
............###....#
###.....†...........#
#............r@{..#
#.................#
##.........#.......#
.........#.#..>.......
####.#####..#......?...
#. #.###......... # ..#
##)....... .. ...###...


You could see a rat.

Vanquished Creatures
  Terence (D:2)
  3 dart slugs
  4 ball pythons
  6 endoplasms
  A giant cockroach (D:2)
  4 goblins
  3 hobgoblins
  3 jackals (D:2)
  A quokka (D:2)
  2 bats (D:1)
  3 frilled lizards
  5 kobolds (D:1)
  3 rats
39 creatures vanquished.

Notes
Turn   | Place    | Note
-------+----------+-------------------------------------------
     0 | D:1      | cforsyth the Hill Orc Monk began the quest for the Orb.
     0 | D:1      | Reached XP level 1. HP: 19/19 MP: 1/1
   150 | D:1      | Reached XP level 2. HP: 18/27 MP: 2/2
   200 | D:1      | Reached skill level 1 in Armour
   575 | D:1      | Reached XP level 3. HP: 28/33 MP: 3/3
   874 | D:2      | Found Baom's Armour Shop.
  1102 | D:2      | Noticed Terence
  1111 | D:2      | Killed Terence
  1112 | D:2      | Reached skill level 5 in Axes
  1112 | D:2      | Reached XP level 4. HP: 5/41 MP: 4/4
  1774 | D:3      | Noticed a sky beast
  1797 | D:3      | Gained mutation: You are clumsy. (Dex -2) [potion of
                  | mutation]
  1797 | D:3      | Slain by a sky beast

Illustrated notes

Levels and vault maps discovered:
D:1:      lightli_iron_boxes, layout_rooms, grunt_decor_mini_mirrors,
          minmay_misc_feat_encased, minmay_quantized
D:2:      layout_loops_ring, serial_shops, shop, uniq_terence
D:3:      layout_rooms, mainiacjoe_overflow_boulevard, serial_curves,
          eino_curves_04, eino_curves_01, eino_curves_03,
          hellmonk_ecumenical_altar_prayer_group, wad_floor_pattern_untrapped,
          minmay_misc_feat_x, uniq_ijyb, uniq_grinder

Skill      XL: |  1  2  3 |
---------------+----------+-----
Armour         | 1 2 |  2.1
Fighting       | 4 |  4.5
Axes           | 5 |  5.0
Dodging        | |  2.4
Stealth        | |  1.5

Action                   |  1- 3 |  4- 6 || total
-------------------------+-------+-------++-------
Melee: Hand axe          |    93 |    34 ||   127
  Use: Potion            |       |     1 ||     1
 Stab: Sleeping          |     5 |       ||     5
Armor: Robe              |    11 |       ||    11
       Chain mail        |       |    21 ||    21
Dodge: Dodged            |    50 |     7 ||    57

Table legend: (Time is in decaauts)
 A = Elapsed time spent in this place.
 B = Non-inter-level travel time spent in this place.
 C = Inter-level travel time spent in this place.
 D = Time resting spent in this place.
 E = Time spent auto-exploring this place.
 F = Levels seen in this place.
 G = Mean time per level.
                   A        B        C        D        E       F      G
               +--------+--------+--------+--------+--------+-----+--------+
         Total |   1806 |   1658 |    148 |      0 |   1356 |   3 |  602.0 |
       Dungeon |   1806 |   1658 |    148 |      0 |   1356 |   3 |  602.0 |
               +--------+--------+--------+--------+--------+-----+--------+

Top non-repeatable levels by time:
     D:2: 959 daAuts
     D:1: 799 daAuts
     D:3: 47 daAuts
